 Dungeon Crawl Stone Soup version 0.30-a0-737-gf23d94013f (webtiles) character file.

Game seed: 1580617453130417119

81 mopl the Slasher (level 4, -1/26 HPs)
             Began as a Tengu Warper on Feb 2, 2023.
             Killed from afar by Ijyb (7 damage)
             ... with a puff of flame
             ... on level 3 of the Dungeon.
             The game lasted 00:03:40 (1543 turns).

mopl the Slasher (Tengu Warper)                     Turns: 1543, Time: 00:03:41

Health: -1/26      AC:  3    Str: 14    XL:     4   Next: 42%
Magic:  8/8        EV: 12    Int: 13    God:
Gold:   74         SH:  0    Dex: 13    Spells: 5/7 levels left

rFire   . . .      SeeInvis .    a - +0 falchion
rCold   + . .      Faith    .    (no shield)
rNeg    . . .      Spirit   .    b - +0 leather armour
rPois   .          Reflect  .    (helmet restricted)
rElec   .          Harm     .    (no cloak)
rCorr   .          Rampage  .    (no gloves)
Will    .....                    (boots unavailable)
Stlth   +                        k - amulet of regeneration
HPRegen 1.04/turn                n - ring of protection from cold
MPRegen 0.11/turn                (no ring)

@: no status effects
A: beak, talons 3
a: no special abilities


You were on level 3 of the Dungeon.
You visited 1 branch of the dungeon, and saw 3 of its levels.

You collected 88 gold pieces.
You spent 14 gold pieces at shops.

Inventory:

Hand Weapons
 a - a +0 falchion (weapon)
Missiles
 d - 6 boomerangs of dispersal
 h - 5 poisoned darts (quivered)
Armour
 b - a +0 leather armour (worn)
Jewellery
 k - an amulet of regeneration (around neck)
 n - a ring of protection from cold (left hand)
Scrolls
 c - a scroll of blinking
 f - 3 scrolls of enchant weapon {unknown}
 g - a scroll of teleportation {unknown}
 i - 2 scrolls of poison {unknown}
 j - 5 scrolls of identify
 l - 2 scrolls of vulnerability {unknown}
 m - a scroll of amnesia {unknown}
 p - a scroll of magic mapping {unknown}
Potions
 e - a potion of heal wounds
 o - a potion of curing {unknown}
 q - 2 potions of haste {unknown}


   Skills:
 + Level 2.3 Fighting
 * Level 3.7 Long Blades
 + Level 1.0 Throwing
 + Level 2.0 Armour
 + Level 2.6 Dodging
 - Level 2.0 Spellcasting
 + Level 2.8 Translocations


You had 5 spell levels left.
You knew the following spells:

 Your Spells              Type           Power      Damage    Failure   Level
e - Blink                 Tloc           16%        N/A       16%         2

Your spell library contained the following spells:

 Spells                   Type           Power      Damage    Failure   Level
 Lesser Beckoning         Tloc           16%        N/A       16%         2
 Foxfire                  Conj/Fire      4%         2x1d4     30%         1
 Teleport Other           Tloc           8%         N/A       30%         3
 Ensorcelled Hibernation  Hex/Ice        2%         N/A       43%         2
 Passwall                 Tmut/Erth      0%         N/A       43%         2
 Vhi's Electric Charge    Tloc/Air       8%         N/A       47%         3
 Swiftness                Air            1%         N/A       67%         3
 Manifold Assault         Tloc           8%         N/A       69%         4
 Fireball                 Conj/Fire      0%         3d3       100%        5
 Starburst                Conj/Fire      0%         6d3       100%        6


Dungeon Overview and Level Annotations

Branches:
Dungeon (3/15)

Altars:
Fedhas
Gozag
Qazlal

Shops:
D:2 [[!

Annotations:
D:2 dig
D:3 2 transporters, Ijyb; Stoves66's ghost, amateur TrMo


Innate Abilities, Weirdness & Mutations

You have a beak for a mouth.
You have claws for feet.


Message History

You feel sick.
Your Armour skill increases to level 2!
You feel sick.
You see here an adder corpse.
You start resting.
You feel sick. x4
You are no longer poisoned.
You start resting.
HP restored.
q - 2 sedimented green potions You see here an adder corpse.
i - 2 scrolls labelled ESTATI OWIRY (gained 1)
Found a transporter.
The quasit gives a chilling moan.
You hear a chilling moan.
Found a transporter.
l - 2 scrolls labelled ZUABRAO JUATU (gained 1)
Found an opulent altar of Gozag.
You now have 56 gold pieces (gained 5).
You now have 74 gold pieces (gained 18).
Found a stone staircase leading down.
Found a scale mail.
f - 3 scrolls labelled BUMOXKU NUWAOM (gained 1)
You see here a +0 scale mail.
Ijyb the Twisted Goblin comes into view.
She is wielding a +0 dagger and carrying a wand of flame (25).
Found a stone staircase leading down.
Ijyb shouts!
Ijyb hits you but does no damage.
You throw a poisoned dart. The poisoned dart barely misses Ijyb.
Ijyb zaps a wand.
The puff of flame hits you!
Ouch! That really hurt!
You are too injured to fight recklessly!
You are too injured to fight recklessly!
You closely miss Ijyb. Ijyb hits you with a +0 dagger.
You hit Ijyb. You peck Ijyb, but do no damage.
Ijyb is lightly wounded.
Ijyb zaps a wand.
The puff of flame hits you!
* * * LOW HITPOINT WARNING * * *
You hit Ijyb but do no damage.
Ijyb is lightly wounded.
Ijyb zaps a wand.
The puff of flame hits you!
You die...

.## ..# .## ## #
#### #.(#
######### #..#
#.......#
###.##.g#
#.#####.#
.>.....@#######.#
#.#
...............[#
#.#
..###...#########
###.# #...# #...#
#..## #.### ....
#.# #.... ##.##
###.. #####...###
#. #.>....#....


You could see Ijyb.

Vanquished Creatures
  3 adders
  A worm (D:3)
  2 dart slugs
  7 ball pythons
  A bat (D:1)
  9 endoplasms
  A giant cockroach (D:1)
  3 goblins
  2 hobgoblins (D:1)
  3 jackals (D:2)
  3 kobolds
  2 quokkas
  3 frilled lizards
  4 rats
44 creatures vanquished.

Vanquished Creatures (others)
  4 fungi (D:3)
  7 plants (D:3)
11 creatures vanquished.

Grand Total: 55 creatures vanquished

Notes
Turn   | Place    | Note
-------+----------+-------------------------------------------
     0 | D:1      | mopl the Tengu Warper began the quest for the Orb.
     0 | D:1      | Reached XP level 1. HP: 12/12 MP: 4/4
     2 | D:1      | Noticed a demonspawn zombie
     9 | D:1      | Noticed a draconian
    11 | D:1      | Noticed a vine stalker
    15 | D:1      | Noticed a draconian
    17 | D:1      | Noticed a ghoul
    19 | D:1      | Noticed a gargoyle
    67 | D:1      | Reached XP level 2. HP: 7/17 MP: 6/6
   114 | D:1      | Learned a level 2 spell: Blink
   380 | D:1      | Found a faded altar of an unknown god.
   577 | D:2      | Reached XP level 3. HP: 21/21 MP: 7/7
   777 | D:2      | Found Hotzef's Distillery.
   784 | D:2      | Bought a potion of degeneration for 14 gold pieces
   803 | D:2      | Found Vikalem's Armour Shop.
   813 | D:2      | Found Ruxunk's Antique Armour Boutique.
  1181 | D:2      | Reached skill level 3 in Long Blades
  1226 | D:3      | Reached XP level 4. HP: 22/26 MP: 8/8
  1387 | D:3      | Found a blossoming altar of Fedhas.
  1390 | D:3      | Found a stormy altar of Qazlal.
  1408 | D:3      | Reached skill level 2 in Armour
  1447 | D:3      | Found a transporter.
  1448 | D:3      | Noticed Stoves66's ghost (amateur TrMo)
  1462 | D:3      | Found a transporter.
  1478 | D:3      | Found an opulent altar of Gozag.
  1538 | D:3      | Noticed Ijyb
  1543 | D:3      | Killed from afar by Ijyb

Illustrated notes

Levels and vault maps discovered:
D:1:      shiori_arrival_whats_in_store_for_you, layout_rooms,
          shapermc_ecumenical_altar_acropolis, minmay_pentomino_r2
D:2:      layout_loops_ring, serial_shops, shop, shop, shop, item_on_display_a
D:3:      layout_loops_ring, grunt_temple_overflow_forces_of_nature,
          lemuel_coloured_pillars_altar,
          nicolae_gozag_cash_rules_everything_around_me,
          gammafunk_ghost_stat_death, uniq_ijyb

Skill      XL: |  1  2  3  4 |
---------------+-------------+-----
Long Blades    | 3 |  3.7
Armour         | 2 |  2.0
Fighting       | |  2.3
Throwing       | |  1.0
Dodging        | |  2.6
Spellcasting   | |  2.0
Translocations | |  2.8

Action                     |  1- 3 |  4- 6 || total
---------------------------+-------+-------++-------
  Melee: Falchion          |    89 |    28 ||   117
         Kick              |    21 |     7 ||    28
         Peck              |    14 |     4 ||    18
  Throw: Boomerang         |     1 |       ||     1
         Dart              |     3 |     4 ||     7
    Use: Scroll            |     1 |       ||     1
   Stab: Sleeping          |     2 |       ||     2
 Armour: Leather armour    |    15 |     2 ||    17
  Dodge: Dodged            |    72 |    18 ||    90

Table legend: (Time is in decaauts)
 A = Elapsed time spent in this place.
 B = Non-inter-level travel time spent in this place.
 C = Inter-level travel time spent in this place.
 D = Time resting spent in this place.
 E = Time spent auto-exploring this place.
 F = Levels seen in this place.
 G = Mean time per level.
                   A        B        C        D        E       F      G
               +--------+--------+--------+--------+--------+-----+--------+
         Total |   1561 |   1498 |     63 |     84 |   1075 |   3 |  520.3 |
       Dungeon |   1561 |   1498 |     63 |     84 |   1075 |   3 |  520.3 |
               +--------+--------+--------+--------+--------+-----+--------+

Top non-repeatable levels by time:
     D:2: 653 daAuts
     D:1: 559 daAuts
     D:3: 349 daAuts
